Map: Berlingrad LE

Players

couchman - Winner!

  • Race: Protoss Protoss

CBagRun

  • Race: Terran Terran

VOD

Have the link to the VOD?

Description

Time

  • Played on: Dec. 13, 2021, 6:14 a.m.
  • Length: 44:37
Show
View Real Time Build Order
Export as new Build Order

couchman Protoss - Winner!

Build Orders:  

Get SALT Encoding   

  12  0:01  Probe  
  13  0:14  Probe  
  14  0:22  Pylon  
  14  0:31  Probe  
  15  0:53  Probe  
  16  1:06  Probe  
  17  1:18  Probe  
  18  1:23  Nexus  
  18  1:32  Assimilator  
  18  1:38  Assimilator  
  18  1:41  Pylon  
  18  1:57  Forge  
  18  2:01  Gateway  
  18  2:07  Probe  
  19  2:19  Probe  
  20  2:31  Probe  
  21  2:37  Probe  
  21  2:43  Probe  
  23  2:49  Probe  
  24  2:52  Assimilator  
  24  2:54  Assimilator  
  24  2:58  Pylon  
  24  3:01  Probe  
  25  3:06  Probe  
  25  3:09  Zealot  
  28  3:24  Gateway  
  28  3:36  Zealot  
  28  3:38  Pylon  
  30  3:47  Photon Cannon  
  30  3:59  Cybernetics Core  
  30  4:03  Probe, Zealot  
  30  4:05  Probe  
  34  4:16  Probe, Photon Cannon  
  35  4:17  Probe  
  35  4:18  Photon Cannon  
  36  4:28  Probe  
  36  4:29  Probe  
  36  4:30  Zealot  
  40  4:40  Probe  
  40  4:41  Probe  
  42  4:52  Probe  
  43  4:53  Probe  
  43  4:57  Twilight Council, Zealot  
  46  5:04  Probe  
  46  5:06  Probe  
  48  5:09  Shield Battery  
  48  5:16  Probe, Zealot  
  48  5:21  Robotics Facility  
  51  5:22  Robotics Facility  
  51  5:24  Zealot  
  53  5:36  Charge  
  53  5:43  Zealot  
  53  5:46  Protoss Ground Weapons Level 1  
  55  5:52  Zealot  
  57  5:57  Probe  
  57  6:00  Probe  
  59  6:09  Probe  
  59  6:11  Zealot  
  62  6:32  Pylon  
  62  6:38  Pylon  
  62  6:41  Pylon  
  62  6:50  Probe, Zealot x2  
  62  6:51  Observer x2  
  69  7:08  Nexus  
  69  7:16  Resonating Glaives  
  69  7:17  Zealot  
  71  7:35  Zealot  
  73  7:44  Zealot  
  75  7:54  Protoss Ground Armor Level 1  
  75  8:02  Zealot  
  77  8:12  Zealot  
  79  8:18  Nexus  
  78  8:28  Nexus  
  78  8:30  Zealot  
  80  8:39  Zealot  
  82  8:52  Pylon  
  82  8:54  Pylon  
  82  8:57  Zealot  
  84  9:06  Zealot  
  82  9:24  Zealot  
  84  9:33  Zealot  
  84  9:35  Probe  
  87  9:40  Probe  
  88  9:47  Probe  
  88  9:51  Zealot  
  88  9:52  Probe  
  92  9:59  Probe  
  92  10:00  Zealot  
  92  10:03  Protoss Shields Level 1  
  92  10:04  Probe  
  95  10:11  Probe  
  96  10:16  Probe  
  96  10:18  Probe, Zealot  
  100  10:23  Probe  
  100  10:27  Zealot  
  101  10:29  Probe  
  101  10:30  Probe  
  101  10:35  Probe  
  102  10:41  Probe  
  102  10:42  Probe  
  104  10:45  Zealot  
  104  10:47  Probe  
  105  10:53  Probe  
  105  10:54  Probe, Zealot  
  109  10:59  Observer x2  
  111  11:05  Probe  
  111  11:09  Forge  
  111  11:10  Forge  
  112  11:12  Zealot  
  114  11:21  Zealot  
  114  11:23  Shield Battery  
  116  11:30  Cybernetics Core  
  116  11:33  Gateway  
  116  11:35  Gateway  
  116  11:37  Gateway  
  116  11:39  Zealot  
  110  11:48  Zealot  
  112  12:06  Zealot  
  114  12:15  Zealot  
  114  12:21  Protoss Ground Weapons Level 2  
  116  12:23  Protoss Ground Armor Level 2  
  116  12:25  Protoss Shields Level 2  
  116  12:33  Zealot  
  118  12:38  Warp Gate  
  118  12:43  Zealot  
  120  12:53  Zealot x3  
  126  13:01  Zealot  
  128  13:05  Pylon  
  128  13:08  Pylon  
  128  13:10  Zealot  
  128  13:11  Pylon  
  130  13:13  Pylon  
  130  13:15  Pylon  
  130  13:19  Pylon  
  130  13:20  Zealot x3  
  136  13:28  Zealot  
  138  13:37  Zealot  
  139  13:47  Zealot x3  
  141  13:48  Protoss Air Weapons Level 1  
  141  13:55  Zealot  
  141  14:02  Photon Cannon  
  141  14:03  Nexus  
  141  14:04  Zealot, Photon Cannon  
  141  14:08  Shield Battery  
  143  14:11  Shield Battery  
  143  14:14  Zealot x2  
  143  14:15  Zealot  
  149  14:20  Pylon  
  149  14:22  Pylon, Zealot  
  149  14:23  Shield Battery  
  151  14:24  Pylon  
  151  14:29  Probe  
  154  14:31  Zealot  
  154  14:41  Zealot x2  
  154  14:42  Zealot  
  154  14:43  Photon Cannon  
  154  14:44  Photon Cannon  
  160  14:46  Photon Cannon  
  160  14:48  Photon Cannon  
  160  14:49  Zealot, Photon Cannon  
  160  14:52  Photon Cannon  
  162  14:54  Photon Cannon  
  162  14:58  Zealot  
  162  14:59  Photon Cannon  
  164  15:00  Shield Battery  
  164  15:03  Shield Battery  
  164  15:08  Zealot  
  164  15:09  Zealot x2  
  170  15:16  Zealot  
  170  15:25  Zealot  
  163  15:36  Zealot x3  
  165  15:43  Zealot  
  167  15:52  Zealot  
  169  15:57  Protoss Air Armor Level 1  
  169  16:03  Zealot  
  171  16:19  Protoss Ground Weapons Level 3  
  171  16:20  Protoss Ground Armor Level 3  
  171  16:22  Protoss Shields Level 3  
  171  16:44  Pylon  
  171  16:46  Pylon  
  171  16:48  Pylon  
  171  16:50  Pylon  
  171  16:52  Pylon  
  171  16:54  Pylon  
  171  16:55  Warp Prism  
  171  16:56  Warp Prism  
  175  17:18  Templar Archives  
  175  17:21  Templar Archives  
  175  17:50  Photon Cannon  
  175  17:51  Photon Cannon  
  175  17:53  Photon Cannon  
  175  17:55  Photon Cannon  
  175  17:58  Photon Cannon  
  175  17:59  Photon Cannon  
  175  18:01  Photon Cannon  
  175  18:03  Observer, Photon Cannon  
  175  18:05  Photon Cannon  
  176  18:08  Shield Battery  
  176  18:09  Shield Battery  
  176  18:11  Shield Battery  
  176  18:24  Observer  
  176  18:26  Nexus  
  175  18:45  Assimilator  
  175  18:46  High Templar x4  
  175  18:47  High Templar  
  177  18:50  Assimilator  
  167  19:25  High Templar  
  163  20:23  High Templar  
  163  20:24  High Templar x4  
  173  21:03  High Templar x2  
  177  21:10  High Templar x3  
  183  21:30  Gateway  
  183  21:34  Gateway  
  183  21:35  Gateway  
  183  21:36  Gateway  
  183  21:42  High Templar x2  
  183  21:43  Gateway  
  183  21:45  Gateway  
  187  21:49  High Templar  
  187  21:50  High Templar x2  
  191  22:21  High Templar x2  
  179  24:00  Zealot x5  
  181  24:27  Zealot x5  
  187  24:54  Zealot x5  
  113  25:21  Zealot x5  
  107  25:42  Zealot x5  
  117  25:48  Zealot x5  
  127  26:03  Nexus  
  127  26:09  Zealot x4  
  127  26:10  Zealot  
  137  26:15  Zealot x4  
  137  26:16  Zealot  
  147  26:22  Pylon  
  147  26:23  Pylon  
  147  26:25  Pylon  
  147  26:36  Zealot x4  
  147  26:37  Zealot  
  157  26:42  Zealot x3  
  157  26:43  Zealot x2  
  163  27:03  Zealot x3  
  163  27:04  Zealot x2  
  165  27:12  Zealot x5 (Chrono Boost)  
  133  27:29  Zealot x4 (Chrono Boost)  
  133  27:30  Zealot (Chrono Boost)  
  133  27:35  Zealot x2 (Chrono Boost)  
  133  27:36  Zealot x3 (Chrono Boost)  
  153  28:04  High Templar x4  
  161  28:47  Stalker  
  163  28:51  Stalker x4  
  169  29:09  Gateway x2  
  169  29:11  Gateway x2  
  169  29:17  Stalker  
  169  29:21  Stalker x4  
  177  29:47  Stalker  
  177  29:51  Stalker x4  
  187  30:11  Zealot x4  
  187  30:12  Zealot x2  
  125  32:02  Stalker x3  
  125  32:03  Stalker x2  
  125  32:07  Zealot x2  
  125  32:08  Zealot x3  
  145  32:12  Zealot x4  
  153  32:32  Stalker x3  
  153  32:33  Stalker x2  
  153  32:34  Zealot  
  153  32:35  Zealot x4  
  173  32:39  Zealot x4  
  181  33:01  Zealot  
  181  33:02  Stalker x3, Zealot x4  
  181  33:03  Stalker  
  165  36:11  Adept  
  165  36:12  Adept x4  
  125  36:41  Adept  
  125  36:42  Adept x4  
  125  36:57  Zealot x4  
  129  37:05  Stalker  
  129  37:06  Stalker  
  129  37:07  Stalker x4  
  141  37:11  Adept  
  141  37:12  Adept x4  
  150  37:24  Zealot x3  
  150  37:25  Zealot  
  156  37:35  Stalker  
  156  37:36  Stalker  
  158  37:37  Stalker x3  
  158  37:41  Adept  
  158  37:42  Adept x4  
  172  37:51  Zealot  
  172  37:52  Zealot x3  
  177  38:11  Adept  
  177  38:12  Adept x4  
  187  38:18  Zealot  
  187  38:19  Zealot  
  69  42:33  Zealot x5  
  79  42:37  Zealot  
  79  42:38  Zealot x3  
  79  42:41  Zealot  
  79  42:42  Zealot x4  
  97  43:00  Zealot  
  97  43:01  Zealot x4  
  97  43:04  Zealot  
  97  43:05  Zealot x3  
  113  43:08  Zealot  
  113  43:09  Zealot x4  
  122  43:27  Zealot  
  122  43:28  Pylon, Zealot x4  
  122  43:29  Pylon  
  122  43:31  Zealot  
  122  43:32  Zealot x3  
  134  43:34  Pylon  
  134  43:35  Zealot  
  134  43:36  Zealot x4  
  134  43:39  Pylon  
  134  43:41  Pylon  
  144  43:43  Pylon  
  144  43:51  Pylon x2  
  144  43:54  Zealot  
  144  43:55  Zealot x4  
  154  43:58  Zealot  
  154  43:59  Zealot x3  
  150  44:02  Zealot  
  150  44:03  Zealot x4  
  160  44:26  Pylon  
  160  44:28  Pylon  
  160  44:30  Pylon  
  178  44:32  Pylon  
  178  44:34  Pylon  
  178  44:36  Pylon  
Show
View Real Time Build Order
Export as new Build Order

CBagRun Terran 

Build Orders:  

Get SALT Encoding   

  12  0:01  SCV  
  13  0:27  SCV  
  14  0:39  SCV  
  15  0:55  Supply Depot  
  15  1:11  Supply Depot  
  15  1:16  SCV  
  16  1:21  Supply Depot  
  16  1:28  SCV  
  16  1:29  Supply Depot  
  17  1:40  SCV  
  17  1:41  Refinery  
  17  1:45  Refinery  
  18  1:52  SCV  
  19  2:04  Barracks  
  19  2:05  SCV  
  20  2:17  SCV  
  21  2:25  Command Center  
  21  2:30  SCV  
  22  2:43  SCV  
  23  2:52  Barracks  
  23  2:55  SCV  
  24  2:59  Engineering Bay  
  24  3:02  Marine  
  25  3:07  SCV  
  26  3:19  Marine, SCV  
  28  3:31  SCV  
  29  3:37  Marine, SCV  
  31  3:49  SCV  
  31  3:55  Marine  
  32  4:01  SCV  
  34  4:13  SCV  
  35  4:18  Supply Depot  
  35  4:26  SCV  
  35  4:30  Bunker  
  36  4:36  Marine  
  37  4:39  Marine  
  37  4:43  Terran Infantry Weapons Level 1  
  38  4:54  Marine  
  38  4:56  Planetary Fortress  
  38  4:57  Marine  
  40  5:12  Marine  
  40  5:13  Bunker  
  41  5:14  Marine  
  42  5:23  Missile Turret  
  42  5:25  SCV  
  43  5:29  Marine  
  43  5:32  Marine  
  43  5:34  Refinery  
  45  5:38  SCV, Refinery  
  46  5:47  Marine  
  47  5:50  Marine, SCV  
  47  5:51  Factory  
  47  5:52  SCV  
  50  6:02  SCV  
  51  6:04  SCV  
  51  6:05  Marine  
  51  6:08  Marine, Missile Turret  
  54  6:14  SCV  
  54  6:16  SCV  
  56  6:23  Marine  
  57  6:26  Marine, SCV  
  57  6:28  SCV  
  60  6:36  Sensor Tower  
  60  6:37  Terran Infantry Armor Level 1  
  60  6:38  SCV  
  61  6:40  SCV  
  61  6:41  Marine  
  61  6:43  Marine  
  64  6:49  Bunker  
  64  7:00  Widow Mine  
  66  7:21  Widow Mine  
  68  7:23  Barracks Tech Lab  
  68  7:28  Barracks Reactor  
  68  7:42  Widow Mine  
  70  7:44  Starport  
  70  7:50  Supply Depot  
  70  8:02  Command Center  
  70  8:12  Widow Mine  
  72  8:23  Sensor Tower  
  72  8:27  Sensor Tower  
  72  8:33  SCV, Widow Mine  
  75  8:45  SCV  
  75  8:57  SCV  
  75  9:00  Supply Depot  
  72  9:09  SCV  
  70  9:48  Starport Reactor  
  70  9:53  Reaper  
  70  9:55  Reaper x2  
  73  10:25  Reaper  
  73  10:27  Reaper x2  
  72  10:44  Viking x2  
  76  10:57  Reaper  
  76  10:59  Reaper x2, SCV  
  80  11:11  Supply Depot, SCV  
  80  11:13  Viking  
  80  11:14  Viking  
  85  11:29  Reaper  
  86  11:33  Reaper x2  
  86  11:35  Supply Depot  
  86  11:43  Viking  
  86  11:44  Viking  
  91  12:01  Reaper  
  91  12:05  Marine x2  
  93  12:13  Viking  
  93  12:14  Viking  
  97  12:20  Planetary Fortress  
  97  12:22  Marine x2  
  97  12:25  Widow Mine  
  101  12:40  Marine  
  102  12:55  Concussive Shells  
  102  13:05  Armory  
  102  13:38  Stimpack  
  102  13:42  Marine  
  102  14:24  Command Center  
  102  14:32  Bunker  
  102  14:34  Bunker  
  102  14:45  Terran Vehicle Weapons Level 1  
  102  15:11  Marine  
  102  15:18  Combat Shield  
  102  15:32  Marine x2, Medivac  
  102  15:35  Marauder  
  102  15:50  Command Center  
  102  16:16  Supply Depot  
  102  16:18  Supply Depot  
  102  16:20  Supply Depot  
  102  16:24  Supply Depot  
  102  16:28  Supply Depot  
  102  16:35  Supply Depot  
  102  16:38  Marine x2, Marauder, Medivac, Supply Depot, Widow Mine  
  102  16:39  Terran Ship Weapons Level 1  
  110  16:40  Medivac  
  112  16:50  Supply Depot  
  112  16:55  Marine, Supply Depot  
  112  16:57  Supply Depot  
  112  16:59  Marine  
  112  17:00  Widow Mine  
  116  17:01  Supply Depot  
  116  17:03  Supply Depot  
  116  17:06  Supply Depot  
  116  17:08  Medivac  
  118  17:09  Supply Depot  
  118  17:10  Medivac  
  120  17:17  Marine  
  120  17:20  Bunker  
  120  17:21  Widow Mine  
  123  17:35  Marine  
  124  17:38  Medivac  
  124  17:39  Medivac  
  124  17:42  Widow Mine  
  130  17:55  Terran Infantry Weapons Level 2  
  130  18:00  Marauder  
  130  18:02  Reaper x2  
  130  18:04  Hellbat  
  136  18:08  Medivac  
  138  18:21  Marauder  
  138  18:25  Widow Mine  
  142  18:33  Terran Vehicle And Ship Armor Level 1  
  142  18:34  Reaper x2  
  144  18:42  Marauder  
  144  18:46  Widow Mine  
  122  19:04  Marauder  
  122  19:08  Widow Mine  
  120  19:10  Marine  
  120  19:11  Marine  
  98  19:25  Marauder  
  98  19:28  Marine x2  
  98  19:29  Widow Mine  
  96  19:46  Marine x3  
  97  20:04  Marine x3  
  99  20:11  Terran Infantry Armor Level 2  
  95  20:22  Marine  
  95  20:27  Terran Vehicle Weapons Level 2  
  96  21:10  Widow Mine  
  98  21:31  Widow Mine  
  100  21:39  Starport  
  100  21:41  Reaper x2  
  100  21:44  Marine  
  103  21:53  Widow Mine  
  103  22:02  Marine  
  102  22:13  Reaper x2  
  102  22:14  Widow Mine  
  106  22:20  Marine, Starport Tech Lab  
  107  22:27  Hi-Sec Auto Tracking  
  107  22:35  Widow Mine  
  109  22:38  Marine  
  109  22:42  Terran Vehicle And Ship Armor Level 2  
  110  22:45  Reaper x2  
  112  22:56  Marine  
  113  23:17  Reaper  
  113  23:18  Reaper  
  115  23:24  Neosteel Armor  
  115  23:34  Banshee  
  118  23:43  Marauder  
  120  23:49  Marine  
  120  23:50  Reaper  
  122  24:04  Reaper  
  122  24:07  Marine  
  122  24:17  Banshee  
  122  24:21  Marine  
  126  24:25  Reaper, Widow Mine  
  127  24:36  Marine  
  122  24:39  Marine  
  123  24:46  Widow Mine  
  125  24:54  Marauder  
  125  24:58  Terran Ship Weapons Level 2  
  124  25:00  Banshee  
  124  25:04  Terran Infantry Weapons Level 3  
  125  25:08  Widow Mine  
  126  25:15  Reaper  
  126  25:29  Widow Mine, Command Center  
  126  25:35  Marine x2  
  130  25:43  Banshee  
  130  25:45  Hyperflight Rotors  
  130  25:47  Marine  
  134  25:51  Widow Mine  
  134  25:53  Marine, Reaper  
  138  26:05  Marine  
  138  26:10  Marine  
  140  26:23  Marine  
  142  26:25  Reaper  
  142  26:26  Widow Mine, Banshee  
  142  26:28  Marine  
  148  26:41  Marine  
  148  26:46  Reaper  
  150  26:48  Widow Mine  
  148  27:09  Widow Mine  
  148  27:14  Terran Vehicle Weapons Level 3  
  148  27:21  SCV  
  149  27:33  SCV  
  150  27:46  Cloaking Field  
  148  28:28  Banshee  
  151  28:36  Widow Mine  
  153  28:42  Refinery  
  153  28:47  Refinery  
  153  28:58  Widow Mine  
  155  29:04  Corvid Reactor  
  155  29:05  Command Center  
  155  29:11  Banshee  
  158  29:19  Widow Mine  
  160  29:30  Marine  
  160  29:31  Marine  
  162  29:36  Marine  
  163  29:40  Widow Mine  
  165  29:46  Missile Turret  
  165  29:48  Marine x2  
  167  29:54  Marine, Banshee  
  171  30:02  Widow Mine  
  171  30:06  Marine x2  
  175  30:12  Marine  
  176  30:16  Refinery  
  176  30:23  Refinery  
  176  30:24  Marine x2  
  178  30:29  Marine  
  179  30:36  Banshee  
  179  30:42  Factory  
  182  30:47  Marine  
  71  31:19  Banshee  
  63  31:28  Factory  
  63  31:32  Missile Turret  
  59  31:36  Widow Mine  
  53  31:57  Widow Mine  
  55  32:02  Banshee  
  58  32:18  Widow Mine  
  60  32:33  SCV  
  61  32:40  Widow Mine  
  63  32:45  SCV, Banshee  
  67  32:52  Fusion Core  
  67  33:00  Reaper  
  67  33:01  Widow Mine  
  70  33:06  Marine  
  70  33:07  Marine  
  72  33:24  Marine  
  72  33:25  Marine  
  74  33:32  Marine  
  75  33:40  Command Center  
  75  33:42  Marine x2  
  77  33:50  Reaper  
  78  34:00  Marine x2  
  79  34:22  Marine  
  64  34:40  Reaper  
  65  34:51  SCV  
  66  35:03  SCV  
  67  35:15  SCV  
  46  36:59  SCV  
  47  37:11  SCV  
  48  37:47  SCV  
Tags
 
Matchup
PvT
Replay Pack
re
Add a new tag
Caveats
  • Supply blocks, unpowered buildings, or Contaminate may cause inaccurate times.
  • Supply counts are checked every 10 seconds.